 Dungeon Crawl Stone Soup version 0.31-a0-543-geaa9c7a2c0 (webtiles) character file.

Game seed: 10775060691016039800

32 Ethylacetat the Insei (level 3, 0/25 HPs)
             Began as an Octopode Gladiator on Aug 15, 2023.
             Slain by a gnoll
             ... wielding a +0 spear
              (10 damage)
             ... on level 2 of the Dungeon.
             The game lasted 00:00:35 (617 turns).

Ethylacetat the Insei (Octopode Gladiator)           Turns: 617, Time: 00:00:36

Health: 0/25       AC:  1    Str: 13    XL:     3   Next: 27%
Magic:  3/3        EV: 14    Int: 10    God:
Gold:   50         SH:  0    Dex: 15    Spells: 2/2 levels left

rFire   . .          .
                       - Unarmed
rCold   . . .        (no shield)
rNeg    . . .        a - +0 hat
rPois   .            (no amulet)
rElec   .            (no ring)
rCorr   .            (no ring)
SInv    .            (no ring)
Will    .....        (no ring)
Stlth   ++           (no ring)
HPRegen 0.24/turn    (no ring)
MPRegen 0.08/turn    (no ring)
                     (no ring)

%: no passive effects
@: no status effects
A: almost no armour, amphibious, 8 rings, camouflage 1, gelatinous body 1,
(nimble swimmer 1), tentacles
a: no special abilities


You were on level 2 of the Dungeon.
You visited 1 branch of the dungeon, and saw 2 of its levels.

You collected 50 gold pieces.

Inventory:

Missiles
 b - 3 throwing nets (quivered)
 c - 5 javelins
 d - 6 silver javelins
Armour
 a - a +0 hat (worn)
Jewellery
 f - a ring of see invisible
Scrolls
 e - a scroll of vulnerability {unknown}
Potions
 g - 2 potions of lignification {unknown}
 h - a potion of degeneration {unknown}
 i - a potion of haste {unknown}
 j - a potion of resistance {unknown}


   Skills:
 + Level 2.6 Fighting
 - Level 2.0 Throwing
 + Level 3.4 Dodging
 + Level 3.4 Unarmed Combat


You had 2 spell levels left.
You didn't know any spells.
Your spell library contained the following spells:

 Spells                   Type           Power      Damage    Failure   Level
 Ensorcelled Hibernation  Hex/Ice        0%         N/A       50%         2
 Passwall                 Tmut/Erth      0%         N/A       50%         2
 Swiftness                Air            0%         N/A       75%         3


Dungeon Overview and Level Annotations

Branches:
Dungeon (2/15)

Altars:


Innate Abilities, Weirdness & Mutations

You cannot wear most types of armour.
You are amphibious.
You can wear up to eight rings at the same time.
Your skin changes colour to match your surroundings (Stealth+).
Your rubbery body absorbs attacks. (AC +1, EV +1)
((You are camouflaged when in or above water. (Stealth+)))
You have tentacles for arms and can constrict up to eight enemies at once.


Message History

An adder comes into view.
The helpless adder fails to defend itself.
You tentacle-slap the adder. You grab the adder.
The adder is heavily wounded.
You constrict the adder. The adder closely misses you.
An adder is nearby!
You tentacle-slap the adder.
The adder is severely wounded.
You constrict the adder.
You kill the adder!
You now have 50 gold pieces (gained 10).
There is a stone staircase leading up here.
You see here a +0 short sword.
j - a red potion No target in view!
A gnoll comes into view. It is wielding a +0 spear.
Found a scroll labelled SOOSORPHUZE.
A gnoll is nearby! 3 gnolls come into view.
A gnoll is wielding a +0 whip.
The gnoll shouts! x2
The gnoll misses you. The gnoll hits you with a +0 spear.
The gnoll shouts!
There are monsters nearby!
You closely miss the gnoll. You grab the gnoll. You squeeze the gnoll.
The gnoll is lightly wounded.
You constrict the gnoll. The gnoll barely misses you.
The gnoll hits you with a +0 spear.
There are monsters nearby!
You tentacle-slap the gnoll but do no damage.
The gnoll is lightly wounded.
You constrict the gnoll. The gnoll barely misses you.
The gnoll closely misses you.
There are monsters nearby!
You tentacle-slap the gnoll but do no damage.
The gnoll is moderately wounded.
You constrict the gnoll. The gnoll hits you with a +0 spear!
You are too injured to fight recklessly!
You release your grip on the gnoll.
The gnoll hits you from afar with a +0 spear!
You die...

#. #.#.#
#.. #.#.
#..## #.#.
..?.. #..
......#..
....#.###.#
#.gggg..#
#.#####
#.@...#
#####.#
#...#
###.###
#...#
#.#######
#.#.....#
#)##.##.#
#....##.#


You could see 2 gnolls.

Vanquished Creatures
  An adder (D:2)
  A dart slug (D:1)
  4 endoplasms (D:1)
  3 giant cockroaches (D:1)
  2 goblins (D:1)
  A hobgoblin (D:1)
  2 quokkas (D:1)
  2 bats (D:1)
  A frilled lizard (D:1)
  3 kobolds
  A rat (D:1)
21 creatures vanquished.

Notes
Turn   | Place    | Note
-------+----------+-------------------------------------------
     0 | D:1      | Ethylacetat the Octopode Gladiator began the quest for the
                  | Orb.
     0 | D:1      | Reached XP level 1. HP: 14/14 MP: 1/1
    67 | D:1      | Reached XP level 2. HP: 17/19 MP: 2/2
   558 | D:2      | Reached XP level 3. HP: 25/25 MP: 3/3
   617 | D:2      | Slain by a gnoll

Illustrated notes

Levels and vault maps discovered:
D:1:      amcnicky_arrival_gap_in_the_tavern_cellar, layout_rooms,
          hangedman_decor_lopped, minmay_hexomino_p4
D:2:      layout_basic

Action                     || total
---------------------------++-------
  Melee: Unarmed           ||    39
         Tentacles         ||    12
         Constrict         ||    10
   Stab: Sleeping          ||     7
 Armour: Skin              ||     2
  Dodge: Dodged            ||    19

Table legend: (Time is in decaauts)
 A = Elapsed time spent in this place.
 B = Non-inter-level travel time spent in this place.
 C = Inter-level travel time spent in this place.
 D = Time resting spent in this place.
 E = Time spent auto-exploring this place.
 F = Levels seen in this place.
 G = Mean time per level.
                   A        B        C        D        E       F      G
               +--------+--------+--------+--------+--------+-----+--------+
         Total |    614 |    595 |     19 |      0 |    483 |   2 |  307.0 |
       Dungeon |    614 |    595 |     19 |      0 |    483 |   2 |  307.0 |
               +--------+--------+--------+--------+--------+-----+--------+

Top non-repeatable levels by time:
     D:1: 552 daAuts
     D:2: 62 daAuts
